[Event "Allsvenskan Div II 5 2021/2022: SS Manhem III - Falkenbergs SK"]
[Site "Schackcentrum, Vegatan 20, Gothenburg, Sweden"]
[Date "2022.04.10"]
[Round "1.1"]
[White "Ekstrom, Jens"]
[Black "Asmar, Elie"]
[Result "1/2-1/2"]
[TimeControl "90 minutes for 40 moves + 30 minutes for the rest of the game + 30 seconds per move from move one."]
[WhiteFideId "1717820"]
[BlackFideId "5301432"]
[WhiteElo "1907"]
[BlackElo "1988"]

1. e4 d5 2. Nc3 dxe4 3. Nxe4 Qd5 4. Nc3 Qd8 5. d4 Nf6 6. Bc4 a6 7. Nf3 b5 8. Bb3 c5 9. dxc5 Qxd1+ 10. Nxd1 e6 11. Bg5 Bxc5 12. Ne3 Nbd7 13. O-O-O Bb7 14. Nd4 h6 15. Bh4 g5 16. Bg3 Ne4 17. c4 b4 18. Ba4 O-O-O 19. Nc6 Bxc6 20. Bxc6 Nxg3 21. Bxd7+ Rxd7 22. hxg3 h5 23. Rxd7 Kxd7 24.
Kd2 Ke7 25. Ke2 f5 26. g4 Bxe3 27. Kxe3 fxg4 28. g3 Kf6 29. Ke4 e5 30. c5 h4 31. gxh4 gxh4 32. c6 Ke6 33. c7 h3 34.
Rc1 h2 35. Rh1 Kd7 36. Kxe5 Kxc7 37. Kf4 Rd8 38. Rxh2 Rd2 39. Rh6 Rxf2+ 40. Kxg4 Kb7 41. Rh7+ Kb6 42. Rh6+ Kb5 43. Rh5+ Kb6 44.
Rh6+ Kb5 45. Rh5+ Kb6 46. Rg5 1/2-1/2

[Event "Allsvenskan Div II 5 2021/2022: SS Manhem III - Falkenbergs SK"]
[Site "Schackcentrum, Vegatan 20, Gothenburg, Sweden"]
[Date "2022.04.10"]
[Round "1.2"]
[White "Olabe Odriozola, Eduardo"]
[Black "Issa, Omar"]
[Result "1/2-1/2"]
[TimeControl "90 minutes for 40 moves + 30 minutes for the rest of the game + 30 seconds per move from move one."]
[WhiteFideId "2211980"]
[BlackFideId "1735861"]
[WhiteElo "1939"]
[BlackElo "1841"]

1. e4 e6 2. d3 d5 3. Nd2 Bc5 4. Ngf3 c6 5. g3 Nf6 6. e5 Ng4 7. d4 Be7 8. Bh3 f5 9. exf6 Nxf6 10.
O-O O-O 11. Qe2 e5 12. Bxc8 Qxc8 13. Nxe5 Bd6 14. Ndf3 Re8 15. Bf4 Nh5 16. Kh1 Nd7 17. Rg1 Ndf6 18. Rg2 h6 19. Qd3 Ne4 20.
Re1 Qh3 21. Rxe4 dxe4 22. Qxe4 Qe6 23. Qd3 g5 24. Bd2 g4 25. Nh4 Bxe5 26. dxe5 Rad8 27. Qe3 Qd5 28. Bc3 Re6 29. Nf5 Ng7 30.
Qf4 Rf8 31. Ne3 Rxf4 32. Nxd5 Rc4 33. Nf6+ Kf7 34. Rg1 h5 35. Rd1 Rxc3 36. Rd7+ Kg6 37. bxc3 Rxe5 38. Rd6 Re6 39. Ne4 Rxd6 40.
Nxd6 b5 41. Nc8 Nf5 42. Nxa7 Ne7 43.
Kg2 Kf5 44. f3 Ke5 45. fxg4 hxg4 46. h4 Ke4 47. Kf2 Kd5 48. Ke3 Ke5 49. Kd3 Kd5 50. Ke3 Ke5 51. a3 Nf5+ 52. Kf2 Kd5 53.
h5 Kc5 54. h6 Nxh6 55. Ke3 Ng8 56.
Nc8 Kc4 57. Kf4 Nf6 58. Kf5 Nh5 59. Kxg4 Nxg3 60. Kxg3 Kxc3 61. Na7 Kxc2 62. Nxc6 Kb3 63. Kf3 1/2-1/2

[Event "Allsvenskan Div II 5 2021/2022: SS Manhem III - Falkenbergs SK"]
[Site "Schackcentrum, Vegatan 20, Gothenburg, Sweden"]
[Date "2022.04.10"]
[Round "1.3"]
[White "Magnusson, Pier"]
[Black "Recktenwald, Christian"]
[Result "0-1"]
[TimeControl "90 minutes for 40 moves + 30 minutes for the rest of the game + 30 seconds per move from move one."]
[WhiteFideId "1728830"]
[BlackFideId "1728709"]
[WhiteElo "1760"]
[BlackElo "1825"]

1. e4 c5 2. c3 d5 3. exd5 Qxd5 4. Nf3 Nc6 5. Na3 Be6 6. Qa4 O-O-O 7. Be2 Nf6 8. O-O a6 9. Nc2 Qe4 10.
Qxe4 Nxe4 11. d3 Nd6 12. d4 cxd4 13. Ncxd4 Nxd4 14. Nxd4 Bc4 15. Bxc4 Nxc4 16. b3 Nd6 17. Be3 e5 18.
Nf3 e4 19. Ng5 h6 20. Nh3 Be7 21. f3 Rhe8 22. fxe4 Bf6 23. Bb6 Rd7 24. Nf2 Nxe4 25. Rfe1 Rde7 26. Rad1 Nxf2 27. Rxe7 Nh3+ 28.
gxh3 Bxe7 29. Bd4 g6 30. Re1 Kd7 31. Kg2 Bg5 32. Rxe8 Kxe8 33. Kf3 Ke7 34. a4 Bf6 35. Bc5+ Ke6 36.
c4 Be7 37. Be3 h5 38. Bd2 Bd6 39. Bf4 Bxf4 40. Kxf4 a5 41. Ke4 b6 42. h4 f5+ 43. Kf4 Kd6 44. Kg5 Kc5 45. Kxg6 f4 0-1

[Event "Allsvenskan Div II 5 2021/2022: SS Manhem III - Falkenbergs SK"]
[Site "Schackcentrum, Vegatan 20, Gothenburg, Sweden"]
[Date "2022.04.10"]
[Round "1.4"]
[White "Ahlqvist, Jonas"]
[Black "Karlsson, Roger"]
[Result "1-0"]
[TimeControl "90 minutes for 40 moves + 30 minutes for the rest of the game + 30 seconds per move from move one."]
[WhiteFideId "1721330"]
[BlackFideId "1732293"]
[WhiteElo "1794"]
[BlackElo "1757"]

1. e4 d6 2. d4 Nf6 3. Nc3 e5 4. d5 Be7 5. Nf3 O-O 6. Be2 Nbd7 7. O-O Nc5 8. Nd2 Ne8 9. b4 Nd7 10.
a3 Bg5 11. Nc4 h6 12. Ne3 Ndf6 13. Ng4 Nxg4 14. Bxg4 Bxc1 15. Rxc1 Nf6 16. Bf3 Nh7 17. Qd3 a6 18. Nd1 f5 19.
exf5 Bxf5 20. Qb3 Ng5 21. Be2 Ne4 22. Qe3 Nf6 23. c4 c6 24. dxc6 bxc6 25. c5 Nd5 26. Qb3 Kh8 27. cxd6 Qxd6 28.
Ne3 Nf4 29. Bf3 Bd7 30. Rfd1 Qe7 31. Rc5 Rf6 32. Ng4 Bxg4 33. Bxg4 Rg6 34. Bf3 e4 35. Qe3 Nh3+ 36. Kf1 Ng5 37.
Be2 Ra7 38. Rdc1 a5 39. bxa5 Rc7 40. a6 Re6 41. Ra5 Ra7 42. Qb6 Nf7 43. Rxc6 Rxc6 44. Qxc6 Rc7 45. Qa8+ Kh7 46. g3 Qe6 47.
Qd5 Qh3+ 48. Ke1 Qg2 49. a7 Qg1+ 50. Bf1 Rc1+ 51. Kd2 Rxf1 52. Qf5+ 1-0

[Event "Allsvenskan Div II 5 2021/2022: SS Manhem III - Falkenbergs SK"]
[Site "Schackcentrum, Vegatan 20, Gothenburg, Sweden"]
[Date "2022.04.10"]
[Round "1.5"]
[White "Zejak, Branislav"]
[Black "Lennartsson, Johan"]
[Result "1/2-1/2"]
[TimeControl "90 minutes for 40 moves + 30 minutes for the rest of the game + 30 seconds per move from move one."]
[WhiteFideId "1722565"]
[BlackFideId "1721356"]
[WhiteElo "1731"]
[BlackElo "1758"]

1. d4 Nf6 2. c4 e6 3. Nf3 d5 4. Bg5 Be7 5. e3 Nbd7 6. Nc3 c6 7. Bd3 dxc4 8. Bxc4 b5 9. Bd3 a6 10. Bxf6 Nxf6 11. O-O Bb7 12.
Rc1 Rc8 13. Ne4 Nxe4 14. Bxe4 f5 15. Bb1 O-O 16. Qb3 Qd5 17. Qxd5 cxd5 18. Ne5 Bd6 19. Nd3 a5 20. f4 b4 21. Rxc8 Rxc8 22. Rc1 Rxc1+ 23. Nxc1 Ba6 24.
b3 Kf7 25. Bd3 Bxd3 26. Nxd3 Kf6 27. Kf2 g5 28. g3 g4 1/2-1/2

[Event "Allsvenskan Div II 5 2021/2022: SS Manhem III - Falkenbergs SK"]
[Site "Schackcentrum, Vegatan 20, Gothenburg, Sweden"]
[Date "2022.04.10"]
[Round "1.6"]
[White "Dahlstrom, Henrik"]
[Black "Gustavsson, Gert"]
[Result "1-0"]
[TimeControl "90 minutes for 40 moves + 30 minutes for the rest of the game + 30 seconds per move from move one."]
[WhiteFideId "1767941"]
[BlackFideId "1731939"]
[WhiteElo "1780"]
[BlackElo "1722"]

1. e4 c5 2. Nf3 Nc6 3. d4 cxd4 4. Nxd4 Nf6 5. Nc3 d6 6. Bg5 a6 7. Qd2 Qb6 8. O-O-O Nxd4 9. Qxd4 Qxd4 10.
Rxd4 Be6 11. Be2 h6 12. Bxf6 gxf6 13. f4 f5 14. exf5 Bxf5 15. Bf3 Rb8 16. Re1 Kd8 17. Rb4 b5 18.
a4 Bd7 19. axb5 axb5 20. Nd5 e6 21. Ne3 d5 22. Rb3 Bd6 23. g3 b4 24. Ng4 Ba4 25. Rd3 Rc8 26. b3 Bb5 27. Rd2 Kc7 28.
Ne5 f6 29. Nf7 Rh7 30. Nxd6 Kxd6 31. Re4 Ra7 32. Rxb4 Kc5 33. Rbd4 Ra1+ 34. Kb2 Rca8 35. f5 R1a2+ 36. Kc3 Rc8 37.
fxe6 Kb6+ 38. Kb4 Raxc2 39. Rxd5 Be8 40. Rd6+ Ka7 41. Rxc2 Rxc2 42. Rd8 Bg6 43. Kb5 1-0